Lightning vs Predators
Created - April 24, 2018 at 21:53
Goals
|
| Lightning |
0 |
2 |
0 |
2 |
| Predators |
3 |
1 |
0 |
4 |
|
Shots
|
| Lightning |
10 |
16 |
6 |
32 |
| Predators |
14 |
15 |
6 |
35 |
|
1st period
1. Predators , Niclas Bergfors 30 (Alexander Ovechkin 57, Marc Savard 39) at 4:28
2. Predators , Alexander Steen 25 (Byron Bitz 37, Alexander Edler 47) at 9:47
3. Predators , Alexander Steen 26 (Byron Bitz 38, Ryan Kesler 35) at 17:23 (PP)
Penalties :
Brent Burns (TB.) for Interference (Minor) at 0:22, Robert Nilsson (TB.) for Roughing (Minor) at 6:48, Steve Bernier (TB.) for Hooking (Minor) at 16:00
2nd period
4. Predators , Alexander Edler 11 (Byron Bitz 39) at 5:44 (PP)
5. Lightning , Jordan Nolan 14 (John Carlson 33) at 6:31
6. Lightning , Daniel Carcillo 21 (Steve Bernier 20, Pierre-Marc Bouchard 22) at 13:21
Penalties :
Daniel Carcillo (TB.) for Hooking (Minor) at 5:11, Ryan Kesler (Nas) for Hooking (Minor) at 11:04, Kris Versteeg (TB.) for Hooking (Minor) at 11:09, Barret Jackman (Nas) for High sticking (Double Minor) at 19:52
3rd period
No Goal
Penalties :
Mikael Granlund (Nas) for Holding (Minor) at 7:46, Jordan Nolan (TB.) for Tripping (Minor) at 13:35, Dmitri Kalinin (Nas) for Cross-checking (Minor) at 16:46, Justin Schultz (TB.) for Hooking (Minor) at 18:58
Goalie Stats
Adam Munro (TB.), 17 saves from 17 shots - (1.000), 34:16 minutes
Jaroslav Halak (TB.), 14 saves from 18 shots - (0.778), L, 31-31-9, 25:44 minutes
Viktor Fasth (Nas), 30 saves from 32 shots - (0.938), W, 37-19-4, 60:00 minutes
Players Stats for Lightning
Player Name G A P +/- PIM S H SB GA TA FO MP PP MP PK MP
------------------------------------------------------------------------------------
Andy Rogers 0 0 0 0 0 0 1 3 0 2 0/0 20:40 4:07 3:47
Brent Burns 0 0 0 0 2 2 2 1 1 1 0/0 24:55 3:27 3:59
Daniel Carcillo 1 0 1 0 2 1 1 0 1 0 0/0 17:32 3:02 1:16
Davis Drewiske 0 0 0 0 0 0 1 0 0 0 0/0 3:35 0:28 0:22
Henrik Zetterberg 0 0 0 -1 0 5 2 1 1 1 10/13 25:52 4:12 5:07
Jeff Schultz 0 0 0 0 0 2 1 1 0 0 0/0 28:46 3:27 5:12
John Carlson 0 1 1 0 0 1 0 0 0 0 0/0 20:40 4:07 3:47
Jordan Nolan 1 0 1 1 2 4 2 0 0 0 3/4 12:57 0:55 0:27
Justin Schultz 0 0 0 0 2 0 0 0 0 1 0/0 10:56 0:00 0:51
Kris Versteeg 0 0 0 0 2 4 0 0 0 0 2/3 18:45 4:07 2:50
Loui Eriksson 0 0 0 1 0 0 3 0 0 0 0/1 10:46 0:43 0:00
Pierre-Luc Létourneau 0 0 0 0 0 1 1 0 0 0 0/0 6:05 0:00 0:00
Pierre-Marc Bouchard 0 1 1 0 0 4 1 1 0 0 6/16 19:49 3:02 2:55
Reilly Smith 0 0 0 0 0 0 0 0 0 0 0/0 6:59 0:49 0:00
Robert Nilsson 0 0 0 -1 2 4 0 1 1 0 10/21 22:08 4:10 4:05
Sheldon Keefe 0 0 0 0 0 0 0 0 0 0 1/1 11:56 0:00 1:18
Steve Bernier 0 1 1 0 2 3 0 0 1 0 0/1 16:05 3:05 0:00
Steve McCarthy 0 0 0 0 0 1 0 0 0 0 0/0 10:34 0:28 0:00
Players Stats for Predators
Player Name G A P +/- PIM S H SB GA TA FO MP PP MP PK MP
------------------------------------------------------------------------------------
Adam Burish 0 0 0 -1 0 0 2 0 0 1 0/1 12:40 0:00 4:01
Alexander Edler 1 1 2 2 0 2 1 2 0 1 0/0 28:24 6:34 3:49
Alexander Ovechkin 0 1 1 1 0 5 2 1 0 0 4/9 23:31 4:10 4:18
Alexander Steen 2 0 2 0 0 4 3 0 0 0 0/0 18:14 4:49 1:57
Andy Miele 0 0 0 0 0 0 0 0 0 0 0/1 6:23 0:00 0:00
Barret Jackman 0 0 0 0 4 0 0 0 0 0 0/0 10:29 0:00 0:00
Brett Clark 0 0 0 -2 0 1 1 0 0 0 0/0 16:52 0:00 3:17
Byron Bitz 0 3 3 0 0 5 2 0 1 1 0/1 19:09 4:49 2:18
Chris Lawrence 0 0 0 0 0 0 1 0 1 0 0/0 8:12 0:00 1:15
Dmitri Kalinin 0 0 0 0 2 1 1 1 0 0 0/0 14:44 2:25 0:56
James Van Riemsdyk 0 0 0 -1 0 3 1 1 0 0 0/0 9:59 0:00 0:39
John Moore 0 0 0 -2 0 0 1 2 1 0 0/0 20:19 2:25 3:17
Justin Abdelkader 0 0 0 0 0 2 1 0 0 0 0/0 7:14 0:00 0:00
Marc Savard 0 1 1 1 0 1 0 0 0 0 12/21 14:02 0:00 0:00
Mikael Granlund 0 0 0 -1 2 1 1 1 1 0 1/8 13:06 4:05 0:14
Niclas Bergfors 1 0 1 1 0 6 0 0 0 1 0/0 19:17 4:10 0:00
Ryan Kesler 0 1 1 0 2 1 0 0 0 0 11/19 19:01 4:54 2:18
Ryan Mcdonagh 0 0 0 2 0 3 0 0 1 1 0/0 28:24 6:34 3:49
3 Stars
1 - Alexander Steen (Nas)
2 - Alexander Edler (Nas)
3 - Byron Bitz (Nas)
Power Play
Lightning - 0 on 5 Attempt(s) - 0.00%
Predators - 2 on 7 Attempt(s) - 28.57%
Penalty Kill
Lightning - 5 on 7 Attempt(s) - 71.43%
- Score 0 goal in Penalty Kill
Predators - 5 on 5 Attempt(s) - 100.00%
- Score 0 goal in Penalty Kill
Team Stat
Lightning - Hits : 15 - Faceoff Wins : 32 - Blocked Shots : 8 - Penalty Minutes : 14
Predators - Hits : 17 - Faceoff Wins : 28 - Blocked Shots : 8 - Penalty Minutes : 10
Official
Referees : Ciamaga Chris and Hebert Ghislain
Linesman : Shane Heyer and Don Henderson
Game Notes
Adam Munro enters game at 5:44 of 2nd period
Finance
Level 1 -- Attendance: 5965 (99.42%) -- Ticket Income $524,920
Level 2 -- Attendance: 4912 (98.24%) -- Ticket Income $265,248
Level 3 -- Attendance: 2000 (100.00%) -- Ticket Income $68,000
Level 4 -- Attendance: 3792 (94.80%) -- Ticket Income $98,592
Luxury Box -- Attendance: 791 (79.10%) -- Ticket Income $134,470
Game was played at the Wildcat center.
Total Attendance: 17460 (97.00%)
Total Ticket Income: $1,091,230
Other Income: $163,684
Total Income: $1,254,914
Lightning
5 vs 5 Forward
Center Left Wing Right Wing Time % Phy DF OF
1 Robert Nilsson Henrik Zetterberg Kris Versteeg 40 1 2 2
2 Pierre-Marc Bouchard Daniel Carcillo Steve Bernier 30 1 2 2
3 Jordan Nolan Loui Eriksson Sheldon Keefe 20 1 2 2
4 Henrik Zetterberg Pierre-Luc Létourneau Reilly Smith 10 1 2 2
5 vs 5 Defense
Defense Defense Time % Phy DF OF
1 Jeff Schultz Brent Burns 40 1 2 2
2 John Carlson Andy Rogers 30 1 2 2
3 Steve McCarthy Justin Schultz 20 1 2 2
4 Davis Drewiske Jeff Schultz 10 1 2 2
PowerPlay Forward
Center Left Wing Right Wing Time % Phy DF OF
1 Robert Nilsson Henrik Zetterberg Kris Versteeg 60 1 2 2
2 Pierre-Marc Bouchard Daniel Carcillo Steve Bernier 40 1 2 2
PowerPlay Defense
Defense Defense Time % Phy DF OF
1 Jeff Schultz Brent Burns 60 1 2 2
2 John Carlson Andy Rogers 40 1 2 2
Penalty Kill 4 Players Forward
Center Wing Time % Phy DF OF
1 Henrik Zetterberg Robert Nilsson 60 1 2 2
2 Kris Versteeg Pierre-Marc Bouchard 40 1 2 2
Penalty Kill 4 Players Defense
Defense Defense Time % Phy DF OF
1 Jeff Schultz Brent Burns 60 1 2 2
2 John Carlson Andy Rogers 40 1 2 2
Penalty Kill - 3 Players Forward
Forward Time % Phy DF OF
1 Henrik Zetterberg 60 1 2 2
2 Robert Nilsson 40 1 2 2
Penalty Kill - 3 Players Defense
Defense Defense Time % Phy DF OF
1 Jeff Schultz Brent Burns 60 1 2 2
2 John Carlson Andy Rogers 40 1 2 2
4 vs 4 Forward
Center Wing Time % Phy DF OF
1 Henrik Zetterberg Robert Nilsson 60 1 2 2
2 Kris Versteeg Pierre-Marc Bouchard 40 1 2 2
4 vs 4 Defense
Defense Defense Time % Phy DF OF
1 Jeff Schultz Brent Burns 60 1 2 2
2 John Carlson Andy Rogers 40 1 2 2
Last Minutes Offensive
Center Left Wing Right Wing Defense Defense
Robert Nilsson Henrik Zetterberg Kris Versteeg Jeff Schultz Brent Burns
Last Minutes Defensive
Center Left Wing Right Wing Defense Defense
Robert Nilsson Henrik Zetterberg Kris Versteeg Jeff Schultz Brent Burns
Goaltenders
Starting : Jaroslav Halak
Backup : Adam Munro
Extra Forwards
Normal : Jordan Nolan, Loui Eriksson, Sheldon Keefe - PP : Jordan Nolan, Loui Eriksson - PK : Sheldon Keefe
Extra Defensemen
Normal : Steve McCarthy, Justin Schultz, Davis Drewiske - PP : Steve McCarthy - PK : Justin Schultz, Davis Drewiske
Penalty Shots
Henrik Zetterberg, Robert Nilsson, Kris Versteeg, Pierre-Marc Bouchard, Jordan Nolan
Scratches
Danny Richmond (Lacerated Left Calf Injury), Mikael Backlund (Abdominal Strain Injury)
Predators
5 vs 5 Forward
Center Left Wing Right Wing Time % Phy DF OF
1 Marc Savard Alexander Ovechkin Niclas Bergfors 40 1 2 2
2 Ryan Kesler Alexander Steen Byron Bitz 30 1 2 2
3 Mikael Granlund James Van Riemsdyk Adam Burish 20 1 2 2
4 Andy Miele Justin Abdelkader Chris Lawrence 10 1 2 2
5 vs 5 Defense
Defense Defense Time % Phy DF OF
1 Ryan Mcdonagh Alexander Edler 40 1 2 2
2 John Moore Brett Clark 30 1 2 2
3 Dmitri Kalinin Barret Jackman 20 1 2 2
4 Ryan Mcdonagh Alexander Edler 10 1 2 2
PowerPlay Forward
Center Left Wing Right Wing Time % Phy DF OF
1 Mikael Granlund Alexander Ovechkin Niclas Bergfors 60 1 0 4
2 Ryan Kesler Alexander Steen Byron Bitz 40 1 0 4
PowerPlay Defense
Defense Defense Time % Phy DF OF
1 Ryan Mcdonagh Alexander Edler 60 1 1 3
2 John Moore Dmitri Kalinin 40 1 1 3
Penalty Kill 4 Players Forward
Center Wing Time % Phy DF OF
1 Alexander Ovechkin Adam Burish 60 1 2 2
2 Ryan Kesler Byron Bitz 40 1 2 2
Penalty Kill 4 Players Defense
Defense Defense Time % Phy DF OF
1 Ryan Mcdonagh Alexander Edler 60 1 2 2
2 John Moore Brett Clark 40 1 2 2
Penalty Kill - 3 Players Forward
Forward Time % Phy DF OF
1 Byron Bitz 60 1 2 2
2 Adam Burish 40 1 2 2
Penalty Kill - 3 Players Defense
Defense Defense Time % Phy DF OF
1 Ryan Mcdonagh Alexander Edler 60 1 2 2
2 John Moore Brett Clark 40 1 2 2
4 vs 4 Forward
Center Wing Time % Phy DF OF
1 Alexander Ovechkin Niclas Bergfors 60 1 2 2
2 Ryan Kesler Byron Bitz 40 1 2 2
4 vs 4 Defense
Defense Defense Time % Phy DF OF
1 Ryan Mcdonagh Alexander Edler 60 1 2 2
2 John Moore Dmitri Kalinin 40 1 2 2
Last Minutes Offensive
Center Left Wing Right Wing Defense Defense
Ryan Kesler Alexander Ovechkin Niclas Bergfors Ryan Mcdonagh Alexander Edler
Last Minutes Defensive
Center Left Wing Right Wing Defense Defense
Ryan Kesler Alexander Ovechkin Niclas Bergfors Ryan Mcdonagh Alexander Edler
Goaltenders
Starting : Viktor Fasth
Backup : Chad Johnson
Extra Forwards
Normal : James Van Riemsdyk, Justin Abdelkader, Mikael Granlund - PP : James Van Riemsdyk, Justin Abdelkader - PK : Chris Lawrence
Extra Defensemen
Normal : Dmitri Kalinin, Barret Jackman, John Moore - PP : Dmitri Kalinin - PK : Barret Jackman, John Moore
Penalty Shots
Alexander Ovechkin, Niclas Bergfors, Ryan Kesler, Byron Bitz, Alexander Steen
Scratches
Kris Vernarsky (Healthy)
% Time on Ice - Lightning
Lines # - Real PCT - Wanted PCT - Time Play
Normal Forward
1 - 32% - 40% - 12:57
2 - 32% - 30% - 13:10
3 - 22% - 20% - 8:53
4 - 15% - 10% - 6:05
Normal Defense
1 - 39% - 40% - 16:10
2 - 29% - 30% - 12:04
3 - 25% - 20% - 10:06
4 - 7% - 10% - 2:45
PP Forward
1 - 60% - 60% - 4:51
2 - 40% - 40% - 3:11
PP Defense
1 - 43% - 60% - 3:27
2 - 57% - 40% - 4:35
PK Forward
1 - 68% - 60% - 6:04
2 - 32% - 40% - 2:55
PK Defense
1 - 58% - 60% - 5:12
2 - 42% - 40% - 3:47
PK3 Forward
1 - 0% - 60%
2 - 0% - 40%
PK3 Defense
1 - 0% - 60%
2 - 0% - 40%
44 Forward
1 - 77% - 60% - 1:28
2 - 23% - 40% - 0:26
44 Defense
1 - 63% - 60% - 1:12
2 - 37% - 40% - 0:42
Last Minute Offensive - 0:00
Last Minute Defensive - 0:00
Total
Forward - 60:00
Defense - 60:00
|
% Time on Ice - Predators
Lines # - Real PCT - Wanted PCT - Time Play
Normal Forward
1 - 35% - 40% - 14:32
2 - 29% - 30% - 11:56
3 - 20% - 20% - 8:14
4 - 16% - 10% - 6:23
Normal Defense
1 - 37% - 40% - 15:15
2 - 34% - 30% - 14:02
3 - 25% - 20% - 10:21
4 - 4% - 10% - 1:27
PP Forward
1 - 46% - 60% - 4:10
2 - 54% - 40% - 4:49
PP Defense
1 - 73% - 60% - 6:34
2 - 27% - 40% - 2:25
PK Forward
1 - 71% - 60% - 5:44
2 - 29% - 40% - 2:18
PK Defense
1 - 59% - 60% - 4:45
2 - 41% - 40% - 3:17
PK3 Forward
1 - 0% - 60%
2 - 0% - 40%
PK3 Defense
1 - 0% - 60%
2 - 0% - 40%
44 Forward
1 - 82% - 60% - 1:33
2 - 18% - 40% - 0:21
44 Defense
1 - 69% - 60% - 1:19
2 - 31% - 40% - 0:35
Last Minute Offensive - 0:00
Last Minute Defensive - 0:00
Total
Forward - 60:00
Defense - 60:00
|
Play by Play
1st period
0:01 of 1st period - Alexander Ovechkin wins face-off versus Robert Nilsson in neutral zone.
0:08 of 1st period - Snap shot by Niclas Bergfors.
0:08 of 1st period - Deflect By Alexander Ovechkin.
0:08 of 1st period - Stopped by Jaroslav Halak with a rebound.
0:10 of 1st period - Wrist shot by Alexander Ovechkin.
0:10 of 1st period - Stopped by Jaroslav Halak with a rebound.
0:12 of 1st period - Slapshot by Ryan Mcdonagh.
0:12 of 1st period - Stopped by Jaroslav Halak with a rebound.
0:22 of 1st period - Minor Penalty to Brent Burns for Interference.
0:23 of 1st period - Henrik Zetterberg wins face-off versus Mikael Granlund in Lightning zone.
0:36 of 1st period - Snap shot by Niclas Bergfors.
0:36 of 1st period - Deflect By Justin Schultz.
0:36 of 1st period - Shot Blocked by Henrik Zetterberg.
0:36 of 1st period - Puck is out of play.
0:37 of 1st period - Kris Versteeg wins face-off versus Ryan Kesler in Lightning zone.
2:22 of 1st period - Penalty to Brent Burns is over, Brent Burns is back on ice.
3:07 of 1st period - Daniel Carcillo is hit by Alexander Edler and loses puck.
3:22 of 1st period - Snap shot by Byron Bitz.
3:22 of 1st period - Stopped by Jaroslav Halak without a rebound.
3:23 of 1st period - Ryan Kesler wins face-off versus Henrik Zetterberg in Lightning zone.
3:30 of 1st period - Snap shot by Reilly Smith.
3:30 of 1st period - Shot Blocked by Dmitri Kalinin.
3:52 of 1st period - Wrist shot by Andy Miele.
3:52 of 1st period - Shot Misses the Net.
4:12 of 1st period - Wrist shot by Pierre-Luc Létourneau.
4:12 of 1st period - Stopped by Viktor Fasth without a rebound.
4:13 of 1st period - Marc Savard wins face-off versus Pierre-Marc Bouchard in Predators zone.
4:24 of 1st period - Wrist shot by Niclas Bergfors.
4:24 of 1st period - Stopped by Jaroslav Halak with a rebound.
4:26 of 1st period - Wrist shot by Alexander Ovechkin.
4:26 of 1st period - Shot Misses the Net.
4:28 of 1st period - Snap shot by Niclas Bergfors.
4:28 of 1st period - Goal by Niclas Bergfors - Lightning : 0 - Predators : 1.
4:29 of 1st period - Robert Nilsson wins face-off versus Marc Savard in neutral zone.
4:54 of 1st period - Alexander Edler is hit by Brent Burns and loses puck.
6:00 of 1st period - Steve McCarthy is hit by Chris Lawrence and loses puck.
6:07 of 1st period - Snap shot by Justin Abdelkader.
6:07 of 1st period - Stopped by Jaroslav Halak without a rebound.
6:08 of 1st period - Ryan Kesler wins face-off versus Pierre-Marc Bouchard in Lightning zone.
6:33 of 1st period - James Van Riemsdyk is hit by Jeff Schultz and loses puck.
6:48 of 1st period - Minor Penalty to Robert Nilsson for Roughing.
6:49 of 1st period - Henrik Zetterberg wins face-off versus Mikael Granlund in Lightning zone.
7:04 of 1st period - Backhand shot by Mikael Granlund.
7:04 of 1st period - Stopped by Jaroslav Halak with a rebound.
8:17 of 1st period - Icing by Alexander Edler.
8:18 of 1st period - Jordan Nolan wins face-off versus Byron Bitz in Predators zone.
8:48 of 1st period - Penalty to Robert Nilsson is over, Robert Nilsson is back on ice.
9:17 of 1st period - Wrist shot by Ryan Kesler.
9:17 of 1st period - Shot Misses the Net.
9:39 of 1st period - Snap shot by Byron Bitz.
9:39 of 1st period - Shot Misses the Net.
9:41 of 1st period - Snap shot by Byron Bitz.
9:41 of 1st period - Stopped by Jaroslav Halak with a rebound.
9:43 of 1st period - Snap shot by Alexander Edler.
9:43 of 1st period - Shot Misses the Net.
9:45 of 1st period - Slapshot by Byron Bitz.
9:45 of 1st period - Stopped by Jaroslav Halak with a rebound.
9:47 of 1st period - Snap shot by Alexander Steen.
9:47 of 1st period - Goal by Alexander Steen - Lightning : 0 - Predators : 2.
9:48 of 1st period - Marc Savard wins face-off versus Pierre-Marc Bouchard in neutral zone.
9:59 of 1st period - Wrist shot by Niclas Bergfors.
9:59 of 1st period - Stopped by Jaroslav Halak with a rebound.
10:55 of 1st period - Pierre-Marc Bouchard is hit by Mikael Granlund and loses puck.
11:12 of 1st period - Wrist shot by Robert Nilsson.
11:12 of 1st period - Shot Blocked by John Moore.
11:14 of 1st period - Slapshot by Brent Burns.
11:14 of 1st period - Stopped by Viktor Fasth with a rebound.
11:37 of 1st period - Chris Lawrence is hit by Loui Eriksson.
12:26 of 1st period - Wrist shot by Robert Nilsson.
12:26 of 1st period - Shot Misses the Net.
12:35 of 1st period - Off-side.
12:36 of 1st period - Ryan Kesler wins face-off versus Loui Eriksson in neutral zone.
12:41 of 1st period - Loui Eriksson is hit by Alexander Steen.
12:51 of 1st period - Wrist shot by Loui Eriksson.
12:51 of 1st period - Shot Misses the Net.
13:34 of 1st period - Snap shot by Henrik Zetterberg.
13:34 of 1st period - Stopped by Viktor Fasth with a rebound.
13:36 of 1st period - Snap shot by Kris Versteeg.
13:36 of 1st period - Stopped by Viktor Fasth with a rebound.
13:38 of 1st period - Backhand shot by Kris Versteeg.
13:38 of 1st period - Shot Blocked by James Van Riemsdyk.
13:48 of 1st period - Wrist shot by Jordan Nolan.
13:48 of 1st period - Stopped by Viktor Fasth with a rebound.
14:36 of 1st period - Wrist shot by Kris Versteeg.
14:36 of 1st period - Stopped by Viktor Fasth without a rebound.
14:37 of 1st period - Ryan Kesler wins face-off versus Robert Nilsson in Predators zone.
15:04 of 1st period - Dmitri Kalinin is hit by Andy Rogers and loses puck.
15:23 of 1st period - Niclas Bergfors is hit by Loui Eriksson and loses puck.
15:32 of 1st period - Wrist shot by Jordan Nolan.
15:32 of 1st period - Stopped by Viktor Fasth with a rebound.
15:50 of 1st period - Snap shot by Robert Nilsson.
15:50 of 1st period - Stopped by Viktor Fasth without a rebound.
15:51 of 1st period - Ryan Kesler wins face-off versus Pierre-Marc Bouchard in Predators zone.
15:51 of 1st period - Ryan Kesler is hit by Daniel Carcillo.
16:00 of 1st period - Minor Penalty to Steve Bernier for Hooking.
16:01 of 1st period - Henrik Zetterberg wins face-off versus Ryan Kesler in Lightning zone.
16:29 of 1st period - Icing by Ryan Mcdonagh.
16:30 of 1st period - Kris Versteeg wins face-off versus Ryan Kesler in Predators zone.
16:33 of 1st period - Snap shot by Kris Versteeg.
16:33 of 1st period - Stopped by Viktor Fasth with a rebound.
16:49 of 1st period - Snap shot by Ryan Kesler.
16:49 of 1st period - Shot Misses the Net.
17:17 of 1st period - Snap shot by Byron Bitz.
17:17 of 1st period - Shot Misses the Net.
17:23 of 1st period - Snap shot by Alexander Steen.
17:23 of 1st period - Goal by Alexander Steen - Lightning : 0 - Predators : 3.
17:24 of 1st period - Marc Savard wins face-off versus Jordan Nolan in neutral zone.
17:28 of 1st period - Icing by Jordan Nolan.
17:29 of 1st period - Jordan Nolan wins face-off versus Marc Savard in Lightning zone.
17:59 of 1st period - Snap shot by Alexander Ovechkin.
17:59 of 1st period - Stopped by Jaroslav Halak without a rebound.
18:00 of 1st period - Ryan Kesler wins face-off versus Pierre-Marc Bouchard in Lightning zone.
18:01 of 1st period - Wrist shot by Byron Bitz.
18:01 of 1st period - Deflect By Alexander Steen.
18:01 of 1st period - Shot Misses the Net.
18:01 of 1st period - Puck is out of play.
18:02 of 1st period - Ryan Kesler wins face-off versus Pierre-Marc Bouchard in Lightning zone.
18:17 of 1st period - Wrist shot by Steve Bernier.
18:17 of 1st period - Shot Misses the Net.
18:21 of 1st period - Backhand shot by Pierre-Marc Bouchard.
18:21 of 1st period - Deflect By Byron Bitz.
18:21 of 1st period - Stopped by Viktor Fasth without a rebound.
18:22 of 1st period - Marc Savard wins face-off versus Robert Nilsson in Predators zone.
18:49 of 1st period - Daniel Carcillo is hit by Alexander Steen and loses puck.
19:39 of 1st period - Chris Lawrence is hit by Henrik Zetterberg and loses puck.
19:53 of 1st period - Off-side.
19:54 of 1st period - Marc Savard wins face-off versus Pierre-Marc Bouchard in neutral zone.
Goals for this period are 0 for Lightning vs 3 for Predators.
Shots for this period are 10 for Lightning vs 14 for Predators.
2nd period
0:01 of 2nd period - Robert Nilsson wins face-off versus Marc Savard in neutral zone.
0:51 of 2nd period - Snap shot by Robert Nilsson.
0:51 of 2nd period - Shot Misses the Net.
0:53 of 2nd period - Slapshot by Steve McCarthy.
0:53 of 2nd period - Stopped by Viktor Fasth with a rebound.
2:22 of 2nd period - Brent Burns is hit by Justin Abdelkader and loses puck.
2:35 of 2nd period - Slapshot by Henrik Zetterberg.
2:35 of 2nd period - Deflect By Alexander Ovechkin.
2:35 of 2nd period - Stopped by Viktor Fasth with a rebound.
3:01 of 2nd period - Backhand shot by Mikael Granlund.
3:01 of 2nd period - Shot Misses the Net.
4:05 of 2nd period - Justin Schultz is hit by James Van Riemsdyk and loses puck.
4:12 of 2nd period - Slapshot by James Van Riemsdyk.
4:12 of 2nd period - Stopped by Jaroslav Halak without a rebound.
4:13 of 2nd period - Marc Savard wins face-off versus Pierre-Marc Bouchard in Lightning zone.
5:02 of 2nd period - Snap shot by James Van Riemsdyk.
5:02 of 2nd period - Stopped by Jaroslav Halak with a rebound.
5:04 of 2nd period - Backhand shot by Mikael Granlund.
5:04 of 2nd period - Shot Misses the Net.
5:06 of 2nd period - Slapshot by Adam Burish.
5:06 of 2nd period - Shot Misses the Net.
5:08 of 2nd period - Snap shot by Adam Burish.
5:08 of 2nd period - Deflect By James Van Riemsdyk.
5:08 of 2nd period - Stopped by Jaroslav Halak without a rebound.
5:09 of 2nd period - Pierre-Marc Bouchard wins face-off versus Marc Savard in Lightning zone.
5:11 of 2nd period - Minor Penalty to Daniel Carcillo for Hooking.
5:12 of 2nd period - Henrik Zetterberg wins face-off versus Mikael Granlund in Lightning zone.
5:42 of 2nd period - Snap shot by Alexander Edler.
5:42 of 2nd period - Shot Blocked by Brent Burns.
5:44 of 2nd period - Slapshot by Alexander Edler.
5:44 of 2nd period - Goal by Alexander Edler - Lightning : 0 - Predators : 4.
5:44 of 2nd period - Adam Munro enters game.
5:45 of 2nd period - Henrik Zetterberg wins face-off versus Marc Savard in neutral zone.
6:00 of 2nd period - Snap shot by Niclas Bergfors.
6:00 of 2nd period - Shot Misses the Net.
6:12 of 2nd period - Brent Burns is hit by Byron Bitz and loses puck.
6:31 of 2nd period - Wrist shot by Jordan Nolan.
6:31 of 2nd period - Goal by Jordan Nolan - Lightning : 1 - Predators : 4.
6:32 of 2nd period - Marc Savard wins face-off versus Robert Nilsson in neutral zone.
6:47 of 2nd period - Snap shot by Niclas Bergfors.
6:47 of 2nd period - Stopped by Adam Munro with a rebound.
6:49 of 2nd period - Wrist shot by Alexander Ovechkin.
6:49 of 2nd period - Stopped by Adam Munro with a rebound.
7:22 of 2nd period - Snap shot by Adam Burish.
7:22 of 2nd period - Shot Misses the Net.
7:24 of 2nd period - Snap shot by Andy Miele.
7:24 of 2nd period - Shot Misses the Net.
7:26 of 2nd period - Wrist shot by Dmitri Kalinin.
7:26 of 2nd period - Shot Blocked by Andy Rogers.
7:28 of 2nd period - Snap shot by Andy Miele.
7:28 of 2nd period - Shot Misses the Net.
7:30 of 2nd period - Slapshot by Dmitri Kalinin.
7:30 of 2nd period - Deflect By Justin Abdelkader.
7:30 of 2nd period - Shot Blocked by Andy Rogers.
7:30 of 2nd period - Puck is out of play.
7:31 of 2nd period - Marc Savard wins face-off versus Robert Nilsson in Lightning zone.
7:34 of 2nd period - Snap shot by Alexander Ovechkin.
7:34 of 2nd period - Shot Misses the Net.
7:42 of 2nd period - Snap shot by Niclas Bergfors.
7:42 of 2nd period - Deflect By Marc Savard.
7:42 of 2nd period - Stopped by Adam Munro with a rebound.
7:44 of 2nd period - Snap shot by Barret Jackman.
7:44 of 2nd period - Shot Misses the Net.
7:46 of 2nd period - Slapshot by Dmitri Kalinin.
7:46 of 2nd period - Stopped by Adam Munro without a rebound.
7:47 of 2nd period - Ryan Kesler wins face-off versus Steve Bernier in Lightning zone.
8:23 of 2nd period - Slapshot by John Carlson.
8:23 of 2nd period - Stopped by Viktor Fasth with a rebound.
8:25 of 2nd period - Wrist shot by Steve Bernier.
8:25 of 2nd period - Stopped by Viktor Fasth without a rebound.
8:26 of 2nd period - Marc Savard wins face-off versus Robert Nilsson in Predators zone.
8:26 of 2nd period - Marc Savard is hit by Davis Drewiske.
9:27 of 2nd period - John Carlson is hit by John Moore and loses puck.
9:46 of 2nd period - Snap shot by Justin Abdelkader.
9:46 of 2nd period - Stopped by Adam Munro with a rebound.
9:48 of 2nd period - Backhand shot by Ryan Mcdonagh.
9:48 of 2nd period - Deflect By Pierre-Marc Bouchard.
9:48 of 2nd period - Stopped by Adam Munro with a rebound.
10:06 of 2nd period - Snap shot by Loui Eriksson.
10:06 of 2nd period - Shot Misses the Net.
10:08 of 2nd period - Wrist shot by Loui Eriksson.
10:08 of 2nd period - Deflect By Jordan Nolan.
10:08 of 2nd period - Shot Blocked by Alexander Edler.
10:08 of 2nd period - Puck is out of play.
10:09 of 2nd period - Robert Nilsson wins face-off versus Ryan Kesler in Predators zone.
10:20 of 2nd period - Snap shot by Robert Nilsson.
10:20 of 2nd period - Stopped by Viktor Fasth without a rebound.
10:21 of 2nd period - Robert Nilsson wins face-off versus Marc Savard in Predators zone.
10:54 of 2nd period - Slapshot by Alexander Edler.
10:54 of 2nd period - Stopped by Adam Munro with a rebound.
11:04 of 2nd period - Minor Penalty to Ryan Kesler for Hooking.
11:05 of 2nd period - Alexander Ovechkin wins face-off versus Kris Versteeg in Predators zone.
11:09 of 2nd period - Minor Penalty to Kris Versteeg for Hooking.
11:10 of 2nd period - Henrik Zetterberg wins face-off versus Alexander Ovechkin in Lightning zone.
11:21 of 2nd period - Slapshot by Brent Burns.
11:21 of 2nd period - Stopped by Viktor Fasth without a rebound.
11:22 of 2nd period - Alexander Ovechkin wins face-off versus Henrik Zetterberg in Predators zone.
11:27 of 2nd period - Snap shot by Henrik Zetterberg.
11:27 of 2nd period - Stopped by Viktor Fasth with a rebound.
11:31 of 2nd period - Snap shot by Henrik Zetterberg.
11:31 of 2nd period - Shot Misses the Net.
11:33 of 2nd period - Slapshot by Jeff Schultz.
11:33 of 2nd period - Stopped by Viktor Fasth with a rebound.
11:35 of 2nd period - Slapshot by Brent Burns.
11:35 of 2nd period - Deflect By Robert Nilsson.
11:35 of 2nd period - Stopped by Viktor Fasth with a rebound.
11:37 of 2nd period - Slapshot by Jeff Schultz.
11:37 of 2nd period - Shot Misses the Net.
13:02 of 2nd period - Ryan Mcdonagh is hit by Brent Burns and loses puck.
13:04 of 2nd period - Penalty to Ryan Kesler is over, Ryan Kesler is back on ice.
13:09 of 2nd period - Penalty to Kris Versteeg is over, Kris Versteeg is back on ice.
13:15 of 2nd period - Snap shot by Jordan Nolan.
13:15 of 2nd period - Stopped by Viktor Fasth with a rebound.
13:17 of 2nd period - Slapshot by Pierre-Marc Bouchard.
13:17 of 2nd period - Stopped by Viktor Fasth without a rebound.
13:18 of 2nd period - Pierre-Marc Bouchard wins face-off versus Ryan Kesler in Predators zone.
13:21 of 2nd period - Snap shot by Daniel Carcillo.
13:21 of 2nd period - Goal by Daniel Carcillo - Lightning : 2 - Predators : 4.
13:22 of 2nd period - Ryan Kesler wins face-off versus Robert Nilsson in neutral zone.
13:29 of 2nd period - Snap shot by Alexander Steen.
13:29 of 2nd period - Stopped by Adam Munro with a rebound.
13:31 of 2nd period - Slapshot by Ryan Kesler.
13:31 of 2nd period - Shot Blocked by Robert Nilsson.
13:33 of 2nd period - Snap shot by Byron Bitz.
13:33 of 2nd period - Shot Misses the Net.
13:35 of 2nd period - Slapshot by John Moore.
13:35 of 2nd period - Shot Misses the Net.
13:37 of 2nd period - Snap shot by Alexander Steen.
13:37 of 2nd period - Shot Misses the Net.
13:47 of 2nd period - Brett Clark is hit by Pierre-Marc Bouchard and loses puck.
13:52 of 2nd period - Snap shot by Steve Bernier.
13:52 of 2nd period - Shot Blocked by John Moore.
14:10 of 2nd period - Snap shot by Mikael Granlund.
14:10 of 2nd period - Shot Misses the Net.
14:16 of 2nd period - John Moore is hit by Jordan Nolan and loses puck.
14:53 of 2nd period - Wrist shot by Daniel Carcillo.
14:53 of 2nd period - Shot Misses the Net.
14:55 of 2nd period - Backhand shot by Daniel Carcillo.
14:55 of 2nd period - Shot Misses the Net.
14:57 of 2nd period - Wrist shot by Pierre-Marc Bouchard.
14:57 of 2nd period - Stopped by Viktor Fasth without a rebound.
14:58 of 2nd period - Pierre-Marc Bouchard wins face-off versus Marc Savard in Predators zone.
15:15 of 2nd period - Off-side.
15:16 of 2nd period - Ryan Kesler wins face-off versus Robert Nilsson in neutral zone.
15:27 of 2nd period - Slapshot by Byron Bitz.
15:27 of 2nd period - Shot Misses the Net.
15:41 of 2nd period - Brent Burns is hit by Alexander Ovechkin and loses puck.
16:07 of 2nd period - Wrist shot by Daniel Carcillo.
16:07 of 2nd period - Shot Misses the Net.
16:09 of 2nd period - Snap shot by Pierre-Marc Bouchard.
16:09 of 2nd period - Stopped by Viktor Fasth with a rebound.
16:11 of 2nd period - Slapshot by Brent Burns.
16:11 of 2nd period - Deflect By Daniel Carcillo.
16:11 of 2nd period - Shot Misses the Net.
16:11 of 2nd period - Puck is out of play.
16:12 of 2nd period - Marc Savard wins face-off versus Robert Nilsson in Predators zone.
16:12 of 2nd period - Marc Savard is hit by Henrik Zetterberg.
16:18 of 2nd period - Slapshot by Alexander Edler.
16:18 of 2nd period - Shot Blocked by Andy Rogers.
16:26 of 2nd period - Slapshot by Alexander Ovechkin.
16:26 of 2nd period - Shot Misses the Net.
16:28 of 2nd period - Snap shot by Alexander Ovechkin.
16:28 of 2nd period - Shot Misses the Net.
18:22 of 2nd period - Henrik Zetterberg is hit by Alexander Steen and loses puck.
18:47 of 2nd period - Backhand shot by Niclas Bergfors.
18:47 of 2nd period - Stopped by Adam Munro without a rebound.
18:48 of 2nd period - Marc Savard wins face-off versus Pierre-Marc Bouchard in Lightning zone.
18:55 of 2nd period - Wrist shot by Niclas Bergfors.
18:55 of 2nd period - Shot Misses the Net.
19:18 of 2nd period - Slapshot by Byron Bitz.
19:18 of 2nd period - Stopped by Adam Munro with a rebound.
19:20 of 2nd period - Slapshot by Alexander Steen.
19:20 of 2nd period - Stopped by Adam Munro with a rebound.
19:44 of 2nd period - Wrist shot by Loui Eriksson.
19:44 of 2nd period - Shot Blocked by Mikael Granlund.
19:46 of 2nd period - Snap shot by Jordan Nolan.
19:46 of 2nd period - Shot Misses the Net.
19:52 of 2nd period - Double Minor Penalty to Barret Jackman for High sticking.
19:53 of 2nd period - Robert Nilsson wins face-off versus Alexander Ovechkin in Predators zone.
19:54 of 2nd period - Slapshot by Henrik Zetterberg.
19:54 of 2nd period - Stopped by Viktor Fasth without a rebound.
19:55 of 2nd period - Robert Nilsson wins face-off versus Alexander Ovechkin in Predators zone.
Goals for this period are 2 for Lightning vs 1 for Predators.
Shots for this period are 16 for Lightning vs 15 for Predators.
3rd period
0:01 of 3rd period - Robert Nilsson wins face-off versus Alexander Ovechkin in neutral zone.
0:12 of 3rd period - Wrist shot by Kris Versteeg.
0:12 of 3rd period - Shot Misses the Net.
0:14 of 3rd period - Slapshot by Jeff Schultz.
0:14 of 3rd period - Shot Hit the Post.
0:16 of 3rd period - Wrist shot by Brent Burns.
0:16 of 3rd period - Shot Blocked by Alexander Ovechkin.
0:32 of 3rd period - Slapshot by Daniel Carcillo.
0:32 of 3rd period - Deflect By Steve Bernier.
0:32 of 3rd period - Stopped by Viktor Fasth with a rebound.
0:34 of 3rd period - Snap shot by Brent Burns.
0:34 of 3rd period - Shot Misses the Net.
0:36 of 3rd period - Snap shot by Jeff Schultz.
0:36 of 3rd period - Shot Misses the Net.
1:44 of 3rd period - Robert Nilsson is hit by Alexander Ovechkin and loses puck.
2:09 of 3rd period - Byron Bitz is hit by Jordan Nolan and loses puck.
2:59 of 3rd period - Andy Rogers is hit by Dmitri Kalinin and loses puck.
3:52 of 3rd period - Penalty to Barret Jackman is over, Barret Jackman is back on ice.
4:53 of 3rd period - Pierre-Luc Létourneau is hit by Adam Burish and loses puck.
6:19 of 3rd period - Andy Miele is hit by Pierre-Luc Létourneau.
6:29 of 3rd period - Slapshot by Alexander Ovechkin.
6:29 of 3rd period - Stopped by Adam Munro without a rebound.
6:30 of 3rd period - Robert Nilsson wins face-off versus Marc Savard in Lightning zone.
6:51 of 3rd period - Wrist shot by Ryan Mcdonagh.
6:51 of 3rd period - Deflect By Adam Burish.
6:51 of 3rd period - Shot Misses the Net.
6:51 of 3rd period - Puck is out of play.
6:52 of 3rd period - Pierre-Marc Bouchard wins face-off versus Marc Savard in Lightning zone.
6:52 of 3rd period - Pierre-Marc Bouchard is hit by Brett Clark.
7:24 of 3rd period - Snap shot by Byron Bitz.
7:24 of 3rd period - Shot Blocked by Jeff Schultz.
7:26 of 3rd period - Snap shot by Byron Bitz.
7:26 of 3rd period - Stopped by Adam Munro with a rebound.
7:46 of 3rd period - Minor Penalty to Mikael Granlund for Holding.
7:47 of 3rd period - Robert Nilsson wins face-off versus Alexander Ovechkin in Predators zone.
8:30 of 3rd period - Wrist shot by Robert Nilsson.
8:30 of 3rd period - Deflect By Kris Versteeg.
8:30 of 3rd period - Stopped by Viktor Fasth with a rebound.
8:32 of 3rd period - Wrist shot by Robert Nilsson.
8:32 of 3rd period - Stopped by Viktor Fasth with a rebound.
8:34 of 3rd period - Snap shot by Henrik Zetterberg.
8:34 of 3rd period - Stopped by Viktor Fasth without a rebound.
8:35 of 3rd period - Pierre-Marc Bouchard wins face-off versus Ryan Kesler in Predators zone.
9:14 of 3rd period - Daniel Carcillo is hit by Byron Bitz and loses puck.
9:46 of 3rd period - Penalty to Mikael Granlund is over, Mikael Granlund is back on ice.
10:20 of 3rd period - Slapshot by Alexander Steen.
10:20 of 3rd period - Shot Misses the Net.
10:22 of 3rd period - Wrist shot by John Moore.
10:22 of 3rd period - Shot Misses the Net.
10:34 of 3rd period - Sheldon Keefe is hit by Adam Burish and loses puck.
11:30 of 3rd period - Icing by Jeff Schultz.
11:31 of 3rd period - Jordan Nolan wins face-off versus Andy Miele in Lightning zone.
11:54 of 3rd period - Wrist shot by Pierre-Marc Bouchard.
11:54 of 3rd period - Shot Blocked by Alexander Edler.
11:56 of 3rd period - Wrist shot by Daniel Carcillo.
11:56 of 3rd period - Deflect By Pierre-Marc Bouchard.
11:56 of 3rd period - Shot Misses the Net.
11:56 of 3rd period - Puck is out of play.
11:57 of 3rd period - Pierre-Marc Bouchard wins face-off versus Ryan Kesler in Predators zone.
11:58 of 3rd period - Slapshot by John Carlson.
11:58 of 3rd period - Shot Misses the Net.
12:00 of 3rd period - Snap shot by Steve Bernier.
12:00 of 3rd period - Deflect By Ryan Kesler.
12:00 of 3rd period - Stopped by Viktor Fasth with a rebound.
12:02 of 3rd period - Slapshot by Andy Rogers.
12:02 of 3rd period - Deflect By Steve Bernier.
12:02 of 3rd period - Shot Misses the Net.
12:02 of 3rd period - Puck is out of play.
12:03 of 3rd period - Marc Savard wins face-off versus Robert Nilsson in Predators zone.
12:42 of 3rd period - Slapshot by Brett Clark.
12:42 of 3rd period - Stopped by Adam Munro without a rebound.
12:43 of 3rd period - Robert Nilsson wins face-off versus Adam Burish in Lightning zone.
13:32 of 3rd period - Off-side.
13:33 of 3rd period - Sheldon Keefe wins face-off versus Ryan Kesler in neutral zone.
13:35 of 3rd period - Minor Penalty to Jordan Nolan for Tripping.
13:36 of 3rd period - Henrik Zetterberg wins face-off versus Mikael Granlund in Lightning zone.
13:52 of 3rd period - Wrist shot by Niclas Bergfors.
13:52 of 3rd period - Stopped by Adam Munro without a rebound.
13:53 of 3rd period - Mikael Granlund wins face-off versus Henrik Zetterberg in Lightning zone.
14:46 of 3rd period - Slapshot by Dmitri Kalinin.
14:46 of 3rd period - Shot Blocked by Pierre-Marc Bouchard.
15:35 of 3rd period - Penalty to Jordan Nolan is over, Jordan Nolan is back on ice.
16:24 of 3rd period - Snap shot by Adam Burish.
16:24 of 3rd period - Shot Misses the Net.
16:46 of 3rd period - Minor Penalty to Dmitri Kalinin for Cross-checking.
16:47 of 3rd period - Alexander Ovechkin wins face-off versus Robert Nilsson in Predators zone.
17:02 of 3rd period - Snap shot by Kris Versteeg.
17:02 of 3rd period - Shot Misses the Net.
17:14 of 3rd period - Snap shot by Steve Bernier.
17:14 of 3rd period - Shot Misses the Net.
17:49 of 3rd period - Slapshot by Ryan Mcdonagh.
17:49 of 3rd period - Stopped by Adam Munro without a rebound.
17:50 of 3rd period - Ryan Kesler wins face-off versus Pierre-Marc Bouchard in Lightning zone.
18:05 of 3rd period - Wrist shot by Ryan Kesler.
18:05 of 3rd period - Stopped by Adam Munro with a rebound.
18:46 of 3rd period - Penalty to Dmitri Kalinin is over, Dmitri Kalinin is back on ice.
18:52 of 3rd period - Alexander Steen is hit by Loui Eriksson and loses puck.
18:58 of 3rd period - Minor Penalty to Justin Schultz for Hooking.
18:59 of 3rd period - Henrik Zetterberg wins face-off versus Mikael Granlund in Lightning zone.
19:07 of 3rd period - Off-side.
19:08 of 3rd period - Henrik Zetterberg wins face-off versus Mikael Granlund in neutral zone.
19:11 of 3rd period - Slapshot by Jeff Schultz.
19:11 of 3rd period - Stopped by Viktor Fasth without a rebound.
19:12 of 3rd period - Henrik Zetterberg wins face-off versus Mikael Granlund in Predators zone.
Goals for this period are 0 for Lightning vs 0 for Predators.
Shots for this period are 6 for Lightning vs 6 for Predators.
Back to the Top